 Dungeon Crawl Stone Soup version 0.24-a0-282-g1a68c911f0 (webtiles) character file.

Game seed: 10053370019484814169

2517 HAL9000 the Covert (level 9, 0/42 HPs)
             Began as a Vine Stalker Assassin on May 3, 2019.
             Was a Believer of Kikubaaqudgha.
             Slain by an orc warrior
             ... wielding a +0 morningstar
              (11 damage)
             ... on level 7 of the Dungeon.
             The game lasted 00:18:29 (8085 turns).

HAL9000 the Covert (Vine Stalker Assassin)          Turns: 8085, Time: 00:18:31

Health: 0/42       AC:  6    Str: 15    XL:     9   Next: 54%
Magic:  0/10       EV: 11    Int: 13    God:    Kikubaaqudgha [**....]
Gold:   478        SH:  0    Dex: 16    Spells: 2/8 levels left

rFire    . . .     SeeInvis .   h - +2 short sword (freeze)
rCold    + . .     Gourm    .   (no shield)
rNeg     . . .     Faith    .   c - +0 robe
rPois    .         Spirit   +   j - +0 helmet
rElec    .         Reflect  .   w - +2 cloak
rCorr    .         Harm     .   (no gloves)
MR       +....                  (no boots)
Stlth    ++++......             L - amulet of the acrobat
HPRegen  0.54/turn              n - ring of protection from cold
MPRegen  0.12/turn              (no ring)

@: drained
A: fangs 3, regeneration 1, magic shield, antimagic bite, no potion heal 3, rot
immunity
a: Receive Corpses, Renounce Religion


You were on level 7 of the Dungeon.
You worshipped Kikubaaqudgha.
Kikubaaqudgha was pleased with you.
You were not hungry.

You visited 1 branch of the dungeon, and saw 7 of its levels.

You collected 478 gold pieces.

Inventory:

Hand Weapons
 a - a +2 dagger
 b - a +0 blowgun
 h - a +2 short sword of freezing (weapon)
 H - a +1 short sword of protection
Missiles
 e - 8 poisoned needles
 p - 6 needles of frenzy
 q - 5 tomahawks (quivered)
 F - 4 needles of sleeping
 J - 2 curare-tipped needles
 M - 2 javelins
 N - 3 needles of confusion
Armour
 c - a +0 robe (worn)
 f - a +0 shield
 j - a +0 helmet (worn)
 w - a +2 cloak (worn)
Magical Staves
 I - an uncursed staff of death {unknown}
Jewellery
 n - a ring of protection from cold (left hand)
 u - an uncursed amulet of harm
 L - an amulet of the acrobat (around neck)
Wands
 o - a wand of paralysis (7)
 z - a wand of polymorph (7)
 E - a wand of acid (19)
 K - a wand of iceblast (5)
 P - a wand of disintegration (16)
Scrolls
 d - 2 scrolls of random uselessness {unknown}
 i - a scroll of enchant armour {unknown}
 l - a scroll of identify
 m - 2 scrolls of enchant weapon {unknown}
 s - 2 scrolls of fog {unknown}
 t - 3 scrolls of remove curse
 y - 3 scrolls of teleportation {unknown}
 A - 3 scrolls of fear {unknown}
 B - 2 scrolls of amnesia {unknown}
 C - a scroll of immolation {unknown}
 G - 3 scrolls of blinking {unknown}
Potions
 k - 5 potions of curing
 r - 2 potions of agility
 v - a potion of resistance
 x - a potion of ambrosia {unknown}
 D - a potion of mutation {unknown}
Comestibles
 g - 18 rations
 O - 5 chunks of flesh


   Skills:
 - Level 2.2(1.3) Fighting
 + Level 9.1(8.0) Short Blades
 - Level 1.7(0.8) Throwing
 - Level 1.2(0.4) Dodging
 - Level 10.0(8.9) Stealth
 * Level 3.6(2.6) Necromancy


You had 2 spell levels left.
You knew the following spells:

 Your Spells              Type           Power        Failure   Level  Hunger
a - Vampiric Draining     Necr           #.........   30%         3    ####...
b - Regeneration          Chrm/Necr      #.........   47%         3    ####...

Your spell library contained the following spells:

 Spells                   Type           Power        Failure   Level  Hunger
 Pain                     Necr           #...         11%         1    ##.....
 Corpse Rot               Necr           N/A          16%         2    ###....
 Sublimation of Blood     Necr           #.........   16%         2    ###....
 Infusion                 Chrm           #...         30%         1    ##.....
 Magic Dart               Conj           #...         30%         1    ##.....
 Shock                    Conj/Air       #...         30%         1    ##.....
 Blink                    Tloc           N/A          43%         2    ###....
 Call Imp                 Summ           #.......     43%         2    ###....
 Shroud of Golubria       Chrm/Tloc      #.........   43%         2    ###....
 Slow                     Hex            #.......     43%         2    ###....
 Song of Slaying          Chrm           #.......     43%         2    ###....
 Swiftness                Chrm/Air       #.......     43%         2    ###....
 Conjure Flame            Conj/Fire      #.......     67%         3    ####...
 Mephitic Cloud           Conj/Pois/Air  #.......     67%         3    ####...
 Spectral Weapon          Hex/Chrm       #.......     67%         3    ####...
 Static Discharge         Conj/Air       #.......     67%         3    ####...
 Airstrike                Air            #.........   97%         4    #####..
 Lightning Bolt           Conj/Air       #.........   100%        5    ######.


Dungeon Overview and Level Annotations

Branches:
Dungeon (7/15)
 Temple: D:4-7

Altars:
Ashenzari
Elyvilon
Hepliaklqana
Kikubaaqudgha
Xom
Zin


Innate Abilities, Weirdness & Mutations

You have razor-sharp teeth.
Your natural rate of healing is unusually fast.
When hurt, damage is shared between your health and your magic reserves.
Your bite disrupts and absorbs the magic of your enemies.
Potions cannot restore your health.
You are immune to rotting.


Message History

The orc warrior is almost dead.
You barely miss the orc warrior.
The orc warrior is almost dead.
The orc warrior barely misses you.
You hit the orc warrior but do no damage.
Your bite misses the orc warrior.
The orc warrior is almost dead.
The orc wizard hits you but does no damage.
Unknown command.
You closely miss the orc warrior.
The orc warrior is almost dead.
The orc warrior hits you with a +0 morningstar!
You hit the orc warrior but do no damage.
Your bite misses the orc warrior.
The orc warrior is almost dead.
The orc wizard hits you with a +0 dagger.
* * * LOW HITPOINT WARNING * * *
The orc warrior hits you with a +0 morningstar!
You die...
Kikubaaqudgha rasps: "You have failed me!
Welcome... death!"

#.....#.# #...####..# #.......##
#.###.#.# #......#..# #......(#.
#.# #.#.# #......'..# #.......#.
#.# #.#.# #......#.## #.#'##+###
#.###.#.## #......#.# #.#.##....
#.##.....# #......#.# #.#.......
#.##.....###......#.# #.#....###
#.#......)((....o.#.# #...<.....
#)#.#'#.####...o@##.####.#....##.
#.#.#.#+####.....##.##...#....##.
#.#.#......###'#....##.#.#....##.
#.#.#.....).......รท#.....#.......
#.#.#......###.............######
#...#.###### ###.................
#.#.#.# #.#.#.#........... #.#.#.#
#.#.#..#.####....#
#.....##########.#.#..######....#


You could see an orc warrior and an orc wizard.

Vanquished Creatures
  Grinder (D:3)
  Menkaure (D:5)
  Edmund (D:6)
  An orc warrior (D:6)
  3 sky beasts
  An ogre (D:4)
  A phantom (D:4)
  2 centaurs
  3 bullfrogs
  A big kobold (D:7)
  A gnoll sergeant (D:6)
  A howler monkey (D:4)
  2 crimson imps
  A centaur zombie (D:5)
  A hound (D:6)
  2 jellies (D:6)
  Crazy Yiuf (D:2)
  2 bullfrog skeletons
  3 orc priests
  2 orc wizards
  Natasha (twice) (D:3)
  6 worker ants
  2 iguanas
  2 hound skeletons
  6 gnolls
  A howler monkey skeleton (D:5)
  11 adders
  A shadow imp (D:5)
  3 oozes
  2 worms
  4 dart slugs
  5 leopard geckos
  14 orcs
  8 bats
  2 bat zombies (D:4)
  6 giant cockroaches
  7 goblins
  10 hobgoblins
  10 jackals
  14 kobolds
  7 quokkas
  4 ball pythons
  8 frilled lizards
  A jackal skeleton (D:7)
  A leopard gecko skeleton (D:4)
  A quokka skeleton (D:4)
  10 rats
179 creatures vanquished.

Vanquished Creatures (others)
  5 dream sheep (D:5)
5 creatures vanquished.

Grand Total: 184 creatures vanquished

Notes
Turn   | Place    | Note
-------+----------+-------------------------------------------
     0 | D:1      | HAL9000 the Vine Stalker Assassin began the quest for the
                  | Orb.
     0 | D:1      | Reached XP level 1. HP: 11/11 MP: 2/2
    77 | D:1      | Reached skill level 5 in Stealth
   164 | D:1      | Reached XP level 2. HP: 12/15 MP: 3/3
  1274 | D:1      | Reached XP level 3. HP: 12/18 MP: 4/4
  1887 | D:1      | Reached skill level 1 in Dodging
  2281 | D:2      | Reached skill level 6 in Stealth
  2309 | D:2      | Gained mutation: Your natural rate of healing is unusually
                  | fast. [Vine Stalker growth]
  2309 | D:2      | Reached XP level 4. HP: 21/23 MP: 5/5
  2897 | D:2      | Found a runed translucent door.
  2898 | D:2      | Noticed Crazy Yiuf
  2983 | D:2      | Killed Crazy Yiuf
  3222 | D:2      | Found a glowing silver altar of Zin.
  3434 | D:3      | Reached XP level 5. HP: 26/26 MP: 6/6
  3504 | D:3      | Noticed Natasha
  3509 | D:3      | Killed Natasha
  3535 | D:3      | Reached skill level 7 in Stealth
  3694 | D:3      | Found a faded altar of an unknown god.
  3946 | D:3      | Reached XP level 6. HP: 30/30 MP: 7/7
  3956 | D:3      | Noticed Grinder
  3964 | D:3      | Paralysed by Grinder for 2 turns
  3986 | D:3      | Killed Grinder
  4082 | D:3      | Noticed Natasha
  4091 | D:3      | Killed Natasha
  4091 | D:3      | Reached XP level 7. HP: 28/35 MP: 5/8
  4206 | D:4      | Reached skill level 8 in Stealth
  4377 | D:4      | Reached skill level 5 in Short Blades
  4595 | D:4      | Found an ancient bone altar of Kikubaaqudgha.
  4671 | D:4      | Became a worshipper of Kikubaaqudgha
  4970 | D:4      | Reached skill level 9 in Stealth
  4970 | D:4      | Gained mutation: You have razor-sharp teeth. [Vine Stalker
                  | growth]
  4970 | D:4      | Reached XP level 8. HP: 17/39 MP: 3/9
  5462 | D:5      | Entered Level 5 of the Dungeon
  5589 | D:5      | Found a hazy altar of Hepliaklqana.
  5590 | D:5      | Found a shimmering altar of Xom.
  5590 | D:5      | Noticed a thorn hunter
  5591 | D:5      | Noticed a spectral ugly thing
  5591 | D:5      | Noticed a thorn hunter
  5639 | D:5      | Found a shattered altar of Ashenzari.
  5690 | D:5      | Noticed Menkaure
  5693 | D:5      | Reached * piety under Kikubaaqudgha
  5693 | D:5      | Identified Kikubaaqudgha's Guide on Evil (Kikubaaqudgha
                  | gifted it to you on level 5 of the Dungeon)
  5693 | D:5      | Received a gift from Kikubaaqudgha
  5733 | D:5      | Killed Menkaure
  5928 | D:5      | Learned a level 3 spell: Vampiric Draining
  6005 | D:5      | Reached skill level 10 in Stealth
  6088 | D:5      | Noticed a dream sheep
  6088 | D:5      | Noticed a dream sheep
  6088 | D:5      | Noticed a dream sheep
  6088 | D:5      | Noticed a dream sheep
  6088 | D:5      | Noticed a dream sheep
  6088 | D:5      | Found a shimmering altar of Xom.
  6093 | D:5      | Killed a dream sheep
  6094 | D:5      | Killed a dream sheep
  6094 | D:5      | Killed a dream sheep
  6095 | D:5      | Killed a dream sheep
  6095 | D:5      | Killed a dream sheep
  6343 | D:5      | Reached skill level 1 in Necromancy
  6413 | D:6      | Learned a level 3 spell: Regeneration
  6541 | D:6      | Reached XP level 9. HP: 37/42 MP: 7/10
  6551 | D:6      | Noticed Edmund
  6572 | D:6      | Killed Edmund
  7187 | D:6      | Found a white marble altar of Elyvilon.
  7671 | D:7      | Reached ** piety under Kikubaaqudgha
  8074 | D:7      | Identified the cursed +0 robe of Naul {rPois Dex+4}
  8085 | D:7      | Slain by an orc warrior

Levels and vault maps discovered:
D:1:      dpeg_arrival_rooms_a, layout_loops_ring, amethyst_killhole,
          minmay_misc_feat_room, roderic_serpentine_path
D:2:      layout_basic, nicolae_overflow_hidden_temple, uniq_crazy_yiuf_cottage
D:3:      layout_basic, chequers_ecumenical_altar_simple, uniq_natasha,
          uniq_grinder
D:4:      layout_loops_cross, lemuel_zombie_altar_kikubaaqudgha, first_ration,
          kennysheep_minor_cross
D:5:      layout_rooms, regret_index_temple_of_mockery,
          nicolae_ashenzari_panopticon, kb_xom_exploding_sheep, uniq_menkaure
D:6:      layout_loops_cross, basic_altar, uniq_edmund
D:7:      layout_basic, minmay_temple_entry_crystal_x

Skill      XL: |  1  2  3  4  5  6  7  8  9 |
---------------+----------------------------+-----
Stealth        | 5 6 7 9 10 | 10.0
Short Blades   | 2 3 4 6 7 9 |  9.1
Fighting       | 2 |  2.2
Dodging        | 1 |  1.2
Necromancy     | 1 3 |  3.6
Throwing       | |  1.7

Action                   |  1- 3 |  4- 6 |  7- 9 || total
-------------------------+-------+-------+-------++-------
Melee: Dagger            |    46 |       |       ||    46
       Bite              |    20 |    15 |    85 ||   120
       Short sword       |    65 |   108 |   286 ||   459
 Fire: Blowgun           |     1 |     2 |     7 ||    10
Throw: Tomahawk          |       |       |     9 ||     9
Evoke: Wand              |       |       |     2 ||     2
  Use: Scroll            |       |     4 |     4 ||     8
       Potion            |       |     1 |     1 ||     2
 Stab: Sleeping          |    10 |    10 |    19 ||    39
       Distracted        |       |       |     1 ||     1
  Eat: Chunk             |     4 |     6 |    13 ||    23
Armor: Robe              |    26 |    20 |    46 ||    92
       Skin              |       |       |     3 ||     3
Dodge: Dodged            |    72 |    52 |   111 ||   235

Table legend:
 A = Non-vault XP
 B = Vault XP
 C = Vault XP percentage of total XP
 D = Non-vault monster count
 E = Vault monster count
 F = Vault count percentage of total count
                 A         B        C        D         E       F
            +---------+---------+-------+---------+---------+-------
      Total |    2902 |     695 |  19.3 |     172 |       7 |   3.9
            +---------+---------+-------+---------+---------+-------
        D:1 |      53 |       0 |   0.0 |      33 |       0 |   0.0
        D:2 |      70 |      40 |  36.4 |      28 |       1 |   3.4
        D:3 |     170 |     313 |  64.8 |      36 |       2 |   5.3
        D:4 |     703 |       4 |   0.6 |      29 |       2 |   6.5
        D:5 |     628 |     172 |  21.5 |      16 |       1 |   5.9
        D:6 |     839 |     166 |  16.5 |      17 |       1 |   5.6
        D:7 |     439 |       0 |   0.0 |      13 |       0 |   0.0
            +---------+---------+-------+---------+---------+-------
